 Dungeon Crawl Stone Soup version 0.31-a0-692-gf03d1854d5 (webtiles) character file.

Game seed: 10056978427297587238

232 qw the Shooter (level 6, -1/38 HPs)
             Began as a Gargoyle Hunter on Sept 6, 2023.
             Slain by a gnoll
             ... wielding a +0 halberd
             ... led by a gnoll bouda
              (11 damage)
             ... on level 4 of the Dungeon.
             The game lasted 00:01:13 (2977 turns).

qw the Shooter (Gargoyle Hunter)                    Turns: 2977, Time: 00:01:13

Health: -1/38      AC: 11    Str: 14    XL:     6   Next: 4%
Magic:  6/6        EV: 11    Int: 10    God:
Gold:   245        SH:  0    Dex: 15    Spells: 5/5 levels left

rFire   . . .        Y - +0 shortbow
rCold   . . .        (shield currently unavailable)
rNeg    + . .        i - +0 ring mail
rPois   inf          (no helmet)
rElec   +            d - +0 cloak
rCorr   .            (no gloves)
SInv    +            f - +0 pair of boots
Will    .....        (no amulet)
Stlth   +            g - ring of see invisible
HPRegen 0.26/turn    (no ring)
MPRegen 0.10/turn

%: no passive effects
@: weakened
A: sickness immunity, AC +4, negative energy resistance 1, electricity
resistance, torment resistance 1, petrification resistance
a: no special abilities


You were on level 4 of the Dungeon.
You visited 1 branch of the dungeon, and saw 4 of its levels.

You collected 245 gold pieces.


Innate Abilities, Weirdness & Mutations

You are immune to sickness and miasma.
Your stone body is resilient. (AC +4)
You are immune to poison.
You resist negative energy. (rN+)
You are resistant to electric shocks. (rElec)
You are resistant to unholy torment.
You are immune to petrification.


   Skills:
 + Level 3.9 Fighting
 - Level 6.2 Ranged Weapons
 - Level 1.3 Armour
 - Level 1.5 Dodging
 - Level 1.1 Stealth


You had 5 spell levels left.
You didn't know any spells.
Your spell library was empty.

Inventory:

Hand Weapons
 Y - a +0 shortbow (weapon)
Armour
 d - a +0 cloak (worn)
 f - a +0 pair of boots (worn)
 h - a scarf of harm
 i - a +0 ring mail (worn)
Jewellery
 e - a ring of resist corrosion
 g - a ring of see invisible (left hand)
Scrolls
 a - 2 scrolls of identify
 b - a scroll of poison {unknown}
 c - a scroll of acquirement {unknown}
 k - a scroll of teleportation
Potions
 j - a potion of heal wounds {unknown}
 l - a potion of curing {unknown}

Dungeon Overview and Level Annotations

Branches:
Dungeon (4/15)
 Temple: D:4-7

Altars:
Elyvilon
Hepliaklqana

Annotations:
D:4 3 runed translucent doors, qw's ghost, amateur GrHu


Message History

2970 ||| Stepping ~*~*~tactically~*~*~ (retreating).
The gnoll bouda attacks as it pursues you!
The gnoll bouda hits you but does no damage.
The gnoll attacks as it pursues you! The gnoll closely misses you.
Enter note:
Enter note:
Enter note:
2971 |||
Found retreat position at -1,4 (floor) with 0 blocking monsters and 1 monsters attacking at destination at distance 5
Enter note:
Enter note:
Enter note:
2971 ||| Stepping ~*~*~tactically~*~*~ (retreating).
The gnoll is no longer moving quickly.
The gnoll attacks as it pursues you! The gnoll hits you but does no damage.
2972 |||
Found retreat position at -2,3 (floor) with 0 blocking monsters and 1 monsters attacking at destination at distance 4
2972 ||| Stepping ~*~*~tactically~*~*~ (retreating).
The gnoll bouda gazes fiercely through you!
You feel as though you will be weak longer.
Enter note:
Enter note:
Enter note:
2973 |||
Found retreat position at -3,2 (floor) with 0 blocking monsters and 1 monsters attacking at destination at distance 3
2973 ||| Stepping ~*~*~tactically~*~*~ (retreating).
The gnoll bouda barks out a call to the hunt!
The gnoll picks up the pace!
You shoot an arrow. The arrow hits the gnoll bouda.
You kill the gnoll bouda!
You have reached level 6!
You shoot an arrow. The arrow completely misses the gnoll.
The gnoll misses you.
You shoot an arrow. The arrow hits the gnoll.
The gnoll is lightly wounded.
The gnoll hits you from afar with a +0 halberd!
The gnoll hits you but does no damage.
The gnoll hits you from afar with a +0 halberd!
You shoot an arrow. The arrow completely misses the gnoll.
The arrow barely misses the gnoll.
The gnoll closely misses you.
The gnoll hits you from afar with a +0 halberd!
You die...

#g# #.... ### #.# ###++ ..#
####.##### P.... #.# #......)g#
}.... #.# #.#...##.## P...$
#.#####........g## /....
........#....###g#### #8...
#.########.#.# #g...# ##|)8 #.#
#.#.###@##.# ### ..#
#.##...###.#### #.# ### ##'######
#....# #.. ## ##...## #....# ###
.# ##.....## ###....#### .##
##.......###.........# #
..####.........##........%#######
.....+.........'.................
..####.........##.#..#.#.########


You could see 3 gnolls.

Vanquished Creatures
  A gnoll bouda (D:4)
  2 iguanas (D:4)
  5 gnolls
  3 adders
  A dart slug (D:2)
  7 orcs (D:3)
  5 bats
  7 endoplasms
  4 giant cockroaches
  4 goblins
  5 hobgoblins
  9 kobolds
  7 ball pythons
  2 frilled lizards
  5 rats
67 creatures vanquished.

Notes
Turn   | Place    | Note
-------+----------+-------------------------------------------
     0 | D:1      | qw the Gargoyle Hunter began the quest for the Orb.
     0 | D:1      | Reached XP level 1. HP: 12/12 MP: 1/1
     0 | D:1      | 0 ||| qw: Version: 0.3-a-76-g4403597
     0 | D:1      | 0 ||| qw: Game counter: 237
     0 | D:1      | 0 ||| qw: Melee chars always use a shield: true
     0 | D:1      | 0 ||| qw: God list: Okawaru
     0 | D:1      | 0 ||| qw: Allow faded altars: false
     0 | D:1      | 0 ||| qw: Do Orc after clearing Dungeon:15 true
     0 | D:1      | 0 ||| qw: Do second Lair branch before Depths: true
     0 | D:1      | 0 ||| qw: Lair rune preference: random
     0 | D:1      | 0 ||| qw: Goals: Normal
     0 | D:1      | 0 ||| PLANNING D:1-11
   158 | D:1      | Reached XP level 2. HP: 17/17 MP: 2/2
   374 | D:1      | Reached XP level 3. HP: 21/21 MP: 3/3
   469 | D:1      | Reached skill level 5 in Ranged Weapons
   771 | D:1      | 771 ||| UPGRADING to +0 cloak.
   776 | D:1      | 776 ||| UPGRADING to ring of see invisible.
   777 | D:1      | 777 ||| READING 3 scrolls labelled YTWOOT QIGADD.
   778 | D:1      | 778 ||| READING 2 scrolls labelled TYORISUMMO.
   779 | D:1      | 779 ||| DRINKING 2 bubbling pink potions.
   780 | D:1      | 780 ||| READING 2 scrolls of identify.
   780 | D:1      | 780 ||| IDENTIFYING green potion
   781 | D:1      | 781 ||| DROPPING scroll of butterflies.
   782 | D:1      | 782 ||| DROPPING scroll of immolation.
   783 | D:1      | 783 ||| DROPPING potion of degeneration.
   784 | D:1      | 784 ||| DROPPING potion of attraction.
  1027 | D:2      | 1027 ||| RETREATING.
  1033 | D:2      | Reached skill level 3 in Fighting
  1033 | D:2      | Reached XP level 4. HP: 10/28 MP: 4/4
  1033 | D:2      | 1033 ||| FLEEEEING.
  1034 | D:2      | 1034 ||| FLEEEEING.
  1035 | D:2      | 1035 ||| FLEEEEING.
  1036 | D:2      | 1036 ||| FLEEEEING.
  1037 | D:2      | 1037 ||| FLEEEEING.
  1039 | D:2      | 1039 ||| FLEEEEING.
  1040 | D:2      | 1040 ||| FLEEEEING.
  1041 | D:2      | 1041 ||| FLEEEEING.
  1042 | D:2      | 1042 ||| FLEEEEING.
  1043 | D:2      | 1043 ||| FLEEEEING.
  1044 | D:2      | 1044 ||| FLEEEEING.
  1045 | D:2      | 1045 ||| FLEEEEING.
  1046 | D:2      | 1046 ||| FLEEEEING.
  1047 | D:2      | 1047 ||| FLEEEEING.
  1048 | D:2      | 1048 ||| FLEEEEING.
  1049 | D:2      | 1049 ||| FLEEEEING.
  1050 | D:2      | 1050 ||| FLEEEEING.
  1051 | D:2      | 1051 ||| FLEEEEING.
  1052 | D:2      | 1052 ||| FLEEEEING.
  1053 | D:2      | 1053 ||| FLEEEEING.
  1054 | D:2      | 1054 ||| FLEEEEING.
  1055 | D:2      | 1055 ||| FLEEEEING.
  1056 | D:2      | 1056 ||| FLEEEEING.
  1057 | D:2      | 1057 ||| FLEEEEING.
  1058 | D:2      | 1058 ||| FLEEEEING.
  1059 | D:2      | 1059 ||| FLEEEEING.
  1060 | D:2      | 1060 ||| FLEEEEING.
  1061 | D:2      | 1061 ||| FLEEEEING.
  1062 | D:2      | 1062 ||| FLEEEEING.
  1063 | D:2      | 1063 ||| FLEEEEING.
  1064 | D:2      | 1064 ||| FLEEEEING.
  1065 | D:2      | 1065 ||| FLEEEEING.
  1066 | D:2      | 1066 ||| FLEEEEING.
  1067 | D:2      | 1067 ||| FLEEEEING.
  1068 | D:2      | 1068 ||| FLEEEEING.
  1069 | D:2      | 1069 ||| FLEEEEING.
  1070 | D:2      | 1070 ||| FLEEEEING.
  1071 | D:2      | 1071 ||| FLEEEEING.
  1072 | D:2      | 1072 ||| FLEEEEING.
  1073 | D:2      | 1073 ||| FLEEEEING.
  1074 | D:2      | 1074 ||| FLEEEEING.
  1075 | D:2      | 1075 ||| FLEEEEING.
  1076 | D:2      | 1076 ||| FLEEEEING.
  1077 | D:2      | 1077 ||| FLEEEEING.
  1078 | D:2      | 1078 ||| FLEEEEING.
  1079 | D:2      | 1079 ||| FLEEEEING.
  1080 | D:2      | 1080 ||| FLEEEEING.
  1081 | D:2      | 1081 ||| FLEEEEING.
  1082 | D:2      | 1082 ||| FLEEEEING.
  1083 | D:2      | 1083 ||| FLEEEEING.
  1084 | D:2      | 1084 ||| FLEEEEING.
  1085 | D:2      | 1085 ||| FLEEEEING.
  1086 | D:2      | 1086 ||| FLEEEEING.
  1087 | D:2      | 1087 ||| FLEEEEING.
  1088 | D:2      | 1088 ||| FLEEEEING.
  1089 | D:2      | 1089 ||| FLEEEEING.
  1090 | D:2      | 1090 ||| FLEEEEING.
  1091 | D:2      | 1091 ||| FLEEEEING.
  1092 | D:2      | 1092 ||| FLEEEEING.
  1093 | D:2      | 1093 ||| FLEEEEING.
  1094 | D:2      | 1094 ||| FLEEEEING.
  1095 | D:2      | 1095 ||| FLEEEEING.
  1268 | D:2      | Found a hazy altar of Hepliaklqana.
  1551 | D:2      | 1551 ||| READING scroll labelled SAYGYGG DURO.
  1552 | D:2      | 1552 ||| READING scroll labelled ADGHEFR KAMOE.
  1553 | D:2      | 1553 ||| READING scroll labelled CUIHOUPRO.
  1554 | D:2      | 1554 ||| READING 2 scrolls labelled EDIUGA GUXTAFF.
  1558 | D:2      | 1558 ||| READING 2 scrolls of identify.
  1558 | D:2      | 1558 ||| IDENTIFYING coppery potion
  1559 | D:2      | 1559 ||| DROPPING potion of magic.
  1620 | D:3      | Found a hazy altar of Hepliaklqana.
  1655 | D:3      | Found a faded altar of an unknown god.
  1900 | D:3      | Found a white marble altar of Elyvilon.
  1947 | D:3      | Reached XP level 5. HP: 32/32 MP: 5/5
  2283 | D:3      | 2283 ||| UPGRADING to +0 pair of boots.
  2288 | D:3      | 2288 ||| UPGRADING to +0 ring mail.
  2298 | D:3      | 2298 ||| DROPPING +0 leather armour.
  2299 | D:3      | 2299 ||| READING scroll labelled TOOTZUIPNOH.
  2300 | D:3      | 2300 ||| READING 3 scrolls of identify.
  2300 | D:3      | 2300 ||| IDENTIFYING lumpy pink potion
  2301 | D:3      | 2301 ||| READING 2 scrolls of identify.
  2301 | D:3      | 2301 ||| IDENTIFYING glowing blue potion
  2302 | D:3      | 2302 ||| DROPPING potion of ambrosia.
  2303 | D:3      | 2303 ||| DROPPING potion of invisibility.
  2501 | D:4      | Reached skill level 1 in Armour
  2710 | D:4      | Found a runed translucent gate.
  2710 | D:4      | Found a runed translucent gate.
  2710 | D:4      | Found a runed translucent gate.
  2711 | D:4      | Noticed qw's ghost (amateur GrHu)
  2711 | D:4      | Noticed qw's ghost (amateur GrHu)
  2712 | D:4      | Noticed qw's ghost (amateur GrHu)
  2834 | D:4      | Reached skill level 6 in Ranged Weapons
  2958 | D:4      | 2958 ||| FLEEEEING.
  2959 | D:4      | 2959 ||| FLEEEEING.
  2960 | D:4      | 2960 ||| FLEEEEING.
  2963 | D:4      | 2963 ||| Stepping ~*~*~tactically~*~*~ (outnumbered).
  2969 | D:4      | 2969 ||| Stepping ~*~*~tactically~*~*~ (retreating).
  2970 | D:4      | 2970 ||| Stepping ~*~*~tactically~*~*~ (retreating).
  2971 | D:4      | 2971 ||| Stepping ~*~*~tactically~*~*~ (retreating).
  2972 | D:4      | 2972 ||| Stepping ~*~*~tactically~*~*~ (retreating).
  2973 | D:4      | 2973 ||| Stepping ~*~*~tactically~*~*~ (retreating).
  2975 | D:4      | Reached XP level 6. HP: 30/38 MP: 6/6
  2977 | D:4      | Slain by a gnoll

Levels and vault maps discovered:
D:1:      dpeg_arrival_chambers_temple_mockup, layout_loops_ring
D:2:      layout_basic, basic_altar
D:3:      layout_loops_corners, mainiacjoe_overflow_surrounded_room,
          mainiacjoe_overflow_catwalk, basic_ecumenical_altar,
          minmay_misc_feat_cross
D:4:      layout_loops_corners, minmay_temple_entry_drinking_statues,
          gammafunk_ghost_cemetery

Skill      XL: |  1  2  3  4  5 |
---------------+----------------+-----
Ranged Weapons | 5 6 |  6.2
Fighting       | 3 |  3.9
Armour         | 1 |  1.3
Dodging        | |  1.5
Stealth        | |  1.1

Action                     |  1- 3 |  4- 6 || total
---------------------------+-------+-------++-------
   Fire: Shortbow          |    86 |   129 ||   215
    Use: Scroll            |     3 |     8 ||    11
         Potion            |     1 |       ||     1
 Armour: Leather armour    |    23 |    30 ||    53
         Ring mail         |       |    24 ||    24
  Dodge: Dodged            |    18 |    36 ||    54

Table legend:
 A = Non-vault XP
 B = Vault XP
 C = Vault XP percentage of total XP
 D = Non-vault monster count
 E = Vault monster count
 F = Vault count percentage of total count
                 A         B        C        D         E       F
            +---------+---------+-------+---------+---------+-------
      Total |     332 |       0 |   0.0 |      67 |       0 |   0.0
            +---------+---------+-------+---------+---------+-------
        D:1 |      43 |       0 |   0.0 |      24 |       0 |   0.0
        D:2 |      92 |       0 |   0.0 |      19 |       0 |   0.0
        D:3 |      62 |       0 |   0.0 |      17 |       0 |   0.0
        D:4 |     135 |       0 |   0.0 |       7 |       0 |   0.0
            +---------+---------+-------+---------+---------+-------
